Map: Rifts to Korhal

Players

kasanova

  • Race: Zerg Zerg
  • Spawn Location: 7:00

NamroodTuo

  • Race: Terran Terran

VOD

Have the link to the VOD?

Description

Time

  • Played on: June 9, 2023, 11:51 a.m.
  • Length: 26:13
Show
View Real Time Build Order
Export as new Build Order

kasanova Zerg 

Build Orders:  

Get SALT Encoding   

  12  0:10  Extractor  
  12  0:12  Drone  
  12  0:18  Extractor  
  11  0:20  Drone  
  11  0:27  Drone  
  13  1:01  Spawning Pool  
  13  1:02  Drone  
  13  1:09  Drone  
  14  1:23  Overlord  
  14  1:35  Overlord  
  14  2:05  Lair  
  14  2:16  Zergling x4  
  14  2:17  Zergling x2  
  17  2:25  Zergling x2  
  17  2:26  Zergling x6  
  18  2:30  Zergling x2  
  18  2:37  Zergling x2  
  19  2:40  Zergling x2  
  19  2:42  Zergling  
  19  2:43  Zergling  
  19  2:44  Zergling x2  
  15  3:15  Drone  
  15  3:16  Drone  
  16  3:22  Zergling  
  16  3:24  Hive  
  16  3:52  Drone x3  
  19  4:06  Evolution Chamber  
  18  4:10  Drone  
  18  4:19  Drone  
  20  4:47  Spire, Drone  
  20  5:33  Drone x3  
  20  5:34  Drone  
  24  5:40  Heroic Fortitude  
  24  6:10  Mutalisk  
  24  6:11  Mutalisk  
  28  6:40  Ability Efficiency  
  28  6:48  Drone x2  
  30  7:07  Overlord  
  30  7:09  Hatchery  
  29  7:10  Extractor  
  29  7:12  Extractor  
  29  7:16  Overlord  
  27  8:39  Greater Spire  
  27  8:40  Chain Reaction  
  27  9:28  Mutalisk x2  
  27  9:29  Mutalisk x4  
  39  9:33  Drone  
  39  9:34  Drone x2  
  39  9:36  Drone  
  39  9:37  Drone x2  
  45  9:55  Overlord  
  45  12:04  Mutalisk x6  
  57  13:14  Overlord x4  
  57  13:18  Overlord x3  
  57  13:19  Overlord x3  
  57  13:25  Porous Cartilage  
  57  13:39  Mutalisk x4  
  57  13:40  Mutalisk x3  
  57  13:41  Mutalisk  
  57  13:46  Mutalisk  
  57  13:57  Brood Lord x4  
  57  13:58  Brood Lord x3  
  57  13:59  Brood Lord  
  73  14:01  Mutalisk  
  73  14:04  Brood Lord  
  75  14:19  Brood Lord  
  77  14:25  Zerg Flyer Weapons Level 1  
  69  15:14  Mutalisk  
  69  15:15  Mutalisk x4  
  79  15:23  Mutalisk  
  81  15:35  Drone x2  
  81  15:36  Drone x3  
  81  15:39  Drone  
  87  15:44  Mutalisk  
  87  15:47  Mutalisk  
  87  15:59  Mutalisk  
  87  16:02  Brood Lord  
  87  16:05  Brood Lord  
  87  16:09  Mutalisk  
  91  16:17  Brood Lord  
  93  16:26  Mutalisk  
  93  16:27  Brood Lord  
  95  16:41  Mutalisk  
  95  16:44  Brood Lord  
  97  16:59  Brood Lord  
  99  17:04  Zerg Flyer Armor Level 1  
  99  20:44  Mutalisk x4  
  99  20:45  Mutalisk x2  
  111  21:48  Mutalisk x2  
  111  21:49  Mutalisk x4  
  111  22:06  Brood Lord x2  
  111  22:07  Brood Lord x4  
  123  22:10  Mutalisk x2  
  123  22:11  Mutalisk x3  
  133  22:21  Overlord x5  
  133  22:22  Overlord  
  133  22:32  Mutalisk  
  133  22:33  Mutalisk x4  
  133  22:37  Zerg Flyer Weapons Level 2  
  133  22:50  Brood Lord  
  133  22:51  Brood Lord x4  
Show
View Real Time Build Order
Export as new Build Order

NamroodTuo Terran 

Build Orders:  

Get SALT Encoding   

  12  0:05  SCV  
  13  0:28  SCV  
  14  0:45  SCV  
  15  0:50  Refinery  
  15  0:54  Refinery  
  15  1:02  SCV  
  16  1:19  SCV  
  17  1:20  Engineering Bay  
  17  1:24  Engineering Bay  
  17  1:36  SCV  
  18  1:54  SCV  
  19  2:07  Outlaw Weapons Level 1  
  19  2:19  SCV  
  20  2:25  Outlaw Life and Armor Level 1  
  20  3:01  Tychus  
  20  3:20  SCV  
  21  3:33  Command Center  
  21  3:37  SCV  
  22  3:54  SCV  
  23  4:07  ITC-E Triggers  
  23  4:11  SCV, Gunslingers Hideout  
  24  4:28  SCV  
  25  4:35  Outlaw Weapons Level 2  
  25  4:45  SCV  
  26  5:09  SCV  
  27  5:23  Auto-Turret  
  27  5:26  SCV  
  28  5:37  Outlaw Life and Armor Level 2  
  28  5:43  SCV  
  37  6:00  SCV  
  29  6:04  James Sirius Sykes  
  40  6:13  Command Center  
  40  6:29  SCV  
  41  6:37  SCV  
  42  6:46  SCV  
  43  6:53  SCV  
  43  6:55  Refinery  
  44  7:03  SCV  
  44  7:09  Medivac Platform  
  45  7:10  SCV  
  46  7:20  SCV  
  46  7:27  SCV  
  48  7:36  Auto-Turret  
  48  7:37  SCV  
  49  7:44  SCV  
  50  7:54  SCV  
  51  8:11  SCV  
  52  8:28  SCV, Outlaw Weapons Level 3  
  53  8:30  Outlaw Life and Armor Level 3  
  52  9:00  Muscle Armory  
  52  9:38  Kev Rattlesnake West  
  62  9:47  Fixers Safehouse  
  62  9:50  Medivac Platform  
  62  9:58  SCV  
  63  10:04  Refinery  
  63  10:15  SCV  
  64  10:32  SCV  
  65  10:49  SCV  
  66  11:06  SCV  
  67  11:16  Vega  
  77  11:55  Rob Cannonball Boswell  
  87  12:38  Outlaw Weapons Level 4  
  77  12:54  SCV  
  68  13:11  SCV  
  69  13:28  SCV  
  80  13:42  SA-55 Thunderbolt Missiles  
  80  13:46  Moebius M34 Terror Rounds  
  90  14:29  Auto-Turret  
  90  14:57  Auto-Turret  
  90  15:24  Auto-Turret  
  90  15:42  Moebius Psionic Motivator  
  90  15:43  Neural Disruption Device, Psi Projector  
  90  15:52  Auto-Turret  
  90  15:55  Outlaw Life and Armor Level 4  
  90  16:11  Outlaw Weapons Level 5  
  90  18:55  Endurance Supplements  
  90  19:30  Flashforce GDM Visor  
  90  20:22  Type-88 Persuader  
  90  20:25  Big Red Button  
  90  20:29  X-71 Impact Boots, Redline Power Cells, Critical Response System  
  90  20:30  MALICE Ammunition  
  90  21:00  Outlaw Life and Armor Level 5  
  90  22:14  Kel-Morian Ripper Rounds, D99 Detonator  
  90  22:15  Vanadium Shell  
  90  23:04  KD9a Implosion Core  
  90  23:16  SureShot Networked Helmet  
Tags
 
Matchup
Co-op
Replay Pack
Multiplayer
Add a new tag
Caveats
  • Supply blocks, unpowered buildings, or Contaminate may cause inaccurate times.
  • Supply counts are checked every 10 seconds.